 Dungeon Crawl Stone Soup version 0.29.0-13-gc9e81de378 (webtiles) character file.

Game seed: 4767237693754404009

100 SnakkuSnakku7 the Caller (level 4, -3/38 HPs)
             Began as a Ghoul Summoner on Sept 8, 2022.
             Slain by an orc wizard
             ... wielding a +2 dagger of electrocution
              (4 damage)
             ... on level 3 of the Dungeon.
             The game lasted 00:03:54 (3181 turns).

SnakkuSnakku7 the Caller (Ghoul Summoner)           Turns: 3181, Time: 00:03:54

Health: -3/38      AC:  5    Str: 13    XL:     4   Next: 73%
Magic:  5/5        EV: 10    Int: 10    God:
Gold:   155        SH:  0    Dex:  9    Spells: 5/6 levels left

rFire   + . .      SeeInvis .     - Unarmed
rCold   . . .      Faith    .   (no shield)
rNeg    + + +      Spirit   .   p - +0 ring mail
rPois   ∞          Reflect  .   (no helmet)
rElec   .          Harm     .   (no cloak)
rCorr   +          Rampage  .   (no gloves)
Will    .....                   (no boots)
Stlth   +.........              (no amulet)
HPRegen 0.00/turn               r - ring of fire
MPRegen 0.09/turn               s - ring of resist corrosion

@: inhibited regen
A: claws 1, cold resistance 1, negative energy resistance 3, inhibited
regeneration, torment resistance 2, devour on kill
a: no special abilities


You were on level 3 of the Dungeon.
You visited 1 branch of the dungeon, and saw 3 of its levels.

You collected 155 gold pieces.

Inventory:

Missiles
 t - 2 poisoned darts (quivered)
Armour
 a - a +0 robe
 p - a +0 ring mail (worn)
Jewellery
 r - a ring of fire (left claw)
 s - a ring of resist corrosion (right claw)
Scrolls
 d - a scroll of vulnerability {unknown}
 e - a scroll of poison {unknown}
 g - a scroll of amnesia {unknown}
 i - a scroll of enchant weapon {unknown}
 j - a scroll of magic mapping {unknown}
 l - 3 scrolls of enchant armour {unknown}
 m - a scroll of torment {unknown}
 n - a scroll of identify {unknown}
 o - 2 scrolls of immolation {unknown}
Potions
 b - a potion of magic
 c - 2 potions of might {unknown}
 f - 2 potions of lignification
 h - a potion of heal wounds {unknown}
 k - a potion of curing {unknown}
 q - a potion of flight {unknown}


   Skills:
 - Level 3.0 Fighting
 + Level 0.2 Throwing
 - Level 1.7 Dodging
 - Level 2.1 Stealth
 + Level 3.1 Unarmed Combat
 - Level 1.7 Spellcasting
 - Level 3.6 Summonings


You had 5 spell levels left.
You knew the following spells:

 Your Spells              Type           Power      Damage    Failure   Level
a - Summon Small Mammal   Summ           32%        N/A       16%         1

Your spell library contained the following spells:

 Spells                   Type           Power      Damage    Failure   Level
 Call Imp                 Summ           8%         N/A       24%         2
 Call Canine Familiar     Summ           8%         N/A       43%         3
 Summon Guardian Golem    Hex/Summ       4%         N/A       71%         3
 Summon Lightning Spire   Summ/Air       4%         N/A       98%         4


Dungeon Overview and Level Annotations

Branches:
Dungeon (3/15)

Altars:
Gozag


Innate Abilities, Weirdness & Mutations

You are immune to poison.
You have sharp fingernails.
Your flesh is cold resistant. (rC+)
You are immune to negative energy. (rN+++)
You do not regenerate when monsters are visible.
You are immune to unholy pain and torment.
You thrive by killing the living.


Message History

You climb downwards.
There is a stone staircase leading up here.
Unknown command.
Throw: 4 darts (poison)
Press: ? - help, Q - select action, (/) - cycle Shift-Dir - straight line, f - orc wizard
Aim: an orc wizard, wielding a +2 dagger of electrocution and wearing a +0 robe (45% to hit)
You throw a poisoned dart.
The poisoned dart barely misses the orc wizard.
Throw: 3 darts (poison)
Press: ? - help, Q - select action, (/) - cycle Shift-Dir - straight line, f/p - orc wizard
Aim: an orc wizard, wielding a +2 dagger of electrocution and wearing a +0 robe (45% to hit)
You throw a poisoned dart. The poisoned dart hits the orc wizard.
The orc wizard is poisoned.
The orc wizard gestures wildly while chanting.
The orc wizard flickers and vanishes!
Deactivating autopickup; reactivate with Ctrl-A.
Throw: 2 darts (poison)
Press: ? - help, Q - select action, (/) - cycle Shift-Dir - straight line, f - you Really target yourself?
Okay, then.
Throw: 2 darts (poison)
Press: ? - help, Q - select action, (/) - cycle Shift-Dir - straight line, f - you
Okay, then.
You scratch something. Something hits you.
You are electrocuted!
You scratch something but do no damage. Something hits you but does no damage.
You miss something. Something hits you.
You barely miss something. Something hits you.
You are electrocuted!
* * * LOW HITPOINT WARNING * * *
You scratch something. Something hits you but does no damage.
You miss something. Something hits you.
* * * LOW HITPOINT WARNING * * *
You are electrocuted!
* * * LOW HITPOINT WARNING * * *
Okay, then.
You aren't carrying any items that you can evoke.
Unknown command.
It was a potion of lignification.
You feel woody for a moment. Something hits you but does no damage.
You barely miss something. Something hits you.
You die...

#.. ..##.....## #..#####.#
#.# #.###...## #........#
#.. #.# ##'## ##.#######
#.# #.####.# #.#
#.#####......##### #.#
####.......#.......(#####.#
..†......#.#..............#
.###.###.#.#.....{#.#######
.# #.# #<#......@##.# .#
#.# #.###........# .# #..
......##.#####
.#######.######.#
.........# #.# ##########
#.# #.# #.# #.#


There were no monsters in sight!

Vanquished Creatures
  2 adders (D:3)
  2 worms
  6 orcs
  6 ball pythons
  4 bats
  8 endoplasms
  4 giant cockroaches
  6 goblins
  6 hobgoblins
  4 jackals (D:1)
  A quokka (D:2)
  6 frilled lizards
  2 kobolds (D:1)
  6 rats
63 creatures vanquished.

Notes
Turn   | Place    | Note
-------+----------+-------------------------------------------
     0 | D:1      | SnakkuSnakku7 the Ghoul Summoner began the quest for the
                  | Orb.
     0 | D:1      | Reached XP level 1. HP: 14/14 MP: 2/2
   149 | D:1      | Reached skill level 1 in Fighting
   149 | D:1      | Reached skill level 1 in Unarmed Combat
   172 | D:1      | Reached XP level 2. HP: 8/23 MP: 3/3
   741 | D:1      | Reached XP level 3. HP: 23/29 MP: 4/4
  1186 | D:2      | Found an opulent altar of Gozag.
  1648 | D:2      | Found a faded altar of an unknown god.
  2051 | D:3      | Reached XP level 4. HP: 29/37 MP: 5/5
  3179 | D:3      | HP: 1/38 [something (8)]
  3181 | D:3      | Slain by an orc wizard

Illustrated notes

Levels and vault maps discovered:
D:1:      lemuel_arrival_cross, layout_rooms
D:2:      layout_loops_ring, basic_altar,
          hellmonk_ecumenical_altar_inner_sanctum
D:3:      layout_loops_corners

Skill      XL: |  1  2  3  4 |
---------------+-------------+-----
Fighting       | 1 2 3 |  3.0
Unarmed Combat | 1 2 3 |  3.1
Throwing       | |  0.2
Dodging        | |  1.7
Stealth        | |  2.1
Spellcasting   | |  1.7
Summonings     | |  3.6

Action                   |  1- 3 |  4- 6 || total
-------------------------+-------+-------++-------
Melee: Unarmed           |   184 |    78 ||   262
       Punch             |     3 |     2 ||     5
Throw: Dart              |       |     4 ||     4
 Cast: Summon Small Mamm |     1 |       ||     1
  Use: Potion            |       |     1 ||     1
 Stab: Sleeping          |     5 |     1 ||     6
Armor: Robe              |    47 |     3 ||    50
       Ring mail         |       |    37 ||    37
Dodge: Dodged            |   103 |    43 ||   146
